 Dungeon Crawl Stone Soup version 0.21.1-1-g345015f (webtiles) character file.

100 prawnwizard the Chopper (level 4, 0/41 HPs)
             Began as a Hill Orc Monk on July 2, 2018.
             Was a Believer of Beogh.
             Succumbed to a scorpion's poison
             ... on level 4 of the Dungeon.
             The game lasted 00:04:31 (2418 turns).

prawnwizard the Chopper (Hill Orc Monk)             Turns: 2418, Time: 00:04:31

Health: 0/41       AC:  6    Str: 14    XL:     4   Next: 73%
Magic:  1/4        EV: 11    Int: 10    God:    Beogh [**....]
Gold:   172        SH:  0    Dex: 13    Spells: 3/3 levels left

rFire    + . .     SeeInvis .   a - +0 hand axe
rCold    x . .     Gourm    .   (no shield)
rNeg     . . .     Faith    .   q - +0 ring mail (curse)
rPois    .         Spirit   .   (no helmet)
rElec    .         Reflect  .   (no cloak)
rCorr    .         Harm     .   o - +0 pair of gloves
MR       .....                  (no boots)
Stlth    +.........             (no amulet)
HPRegen  0.13/turn              d - ring of fire
MPRegen  0.09/turn              (no ring)

@: lethally poisoned (0 -> -14)
A: no striking features
a: Smiting, Renounce Religion


You were on level 4 of the Dungeon.
You worshipped Beogh.
Beogh was pleased with you.
You were very hungry.

You visited 1 branch of the dungeon, and saw 4 of its levels.

You collected 172 gold pieces.

Inventory:

Hand Weapons
 a - a +0 hand axe (weapon)
Armour
 b - a +0 robe
 o - a +0 pair of gloves (worn)
 q - a cursed +0 ring mail (worn)
Jewellery
 d - a ring of fire (left hand)
 s - a cursed +4 ring of intelligence {unknown}
 v - an uncursed ring of magical power {unknown}
Wands
 k - a wand of acid (8)
 p - a wand of iceblast (6)
 r - a wand of flame (33)
 t - a wand of paralysis (11)
Scrolls
 f - a scroll of remove curse {unknown}
 g - 7 scrolls of teleportation {unknown}
 j - a scroll of random uselessness {unknown}
 l - a scroll of identify {unknown}
 n - a scroll of fear {unknown}
 u - a scroll of fog {unknown}
Potions
 e - 3 potions of curing {unknown}
 h - 2 potions of mutation {unknown}
 i - a potion of flight {unknown}
 m - 4 potions of berserk rage {unknown}
Comestibles
 c - 6 rations


   Skills:
 + Level 4.5 Fighting
 * Level 5.6 Axes
 + Level 3.0 Dodging
 - Level 1.6 Stealth


You had 3 spell levels left.
You didn't know any spells.

Dungeon Overview and Level Annotations

Branches:
Dungeon (4/15)
 Temple: D:4-7

Altars:


Message History

The scorpion stings you but does no damage.
You completely miss the scorpion. The scorpion stings you!
* * * LOW HITPOINT WARNING * * *
You feel sick.
You see here 7 gold pieces.
You fail to use your ability.
You feel sick. The scorpion stings you.
* * * LOW HITPOINT WARNING * * *
You are more poisoned.
The scorpion poisons you!
Aiming: Smiting
Press: ? - help, Dir - move target cursor, f - scorpion Smite: a scorpion You smite the scorpion!
The scorpion is heavily wounded.
* * * LOW HITPOINT WARNING * * *
You feel sick. The scorpion closely misses you.
You hit the scorpion but do no damage.
The scorpion is heavily wounded.
You are feeling very hungry.
You die...

...).. .... ....^.
####...##.. ......
.......#.# .[....#
.........# .......
........
.......###....#
..............##.#
.......s@......#.#
.......###..#..#.#
.!.....#.........#
.......#.##.#...##
..........).<...#
......##........#
................#
......######...####
......#............#


You could see a scorpion.

Vanquished Creatures
  An adder (D:4)
  An ooze (D:3)
  3 worms
  3 dart slugs (D:1)
  A leopard gecko (D:1)
  An orc (D:3)
  A ball python (D:1)
  6 bats
  5 giant cockroaches
  12 goblins
  4 hobgoblins
  6 jackals (D:2)
  8 kobolds
  10 frilled lizards
  7 rats
69 creatures vanquished.

Vanquished Creatures (others)
  A hobgoblin (D:3)
  A bat (D:1)
2 creatures vanquished.

Grand Total: 71 creatures vanquished

Notes
Turn   | Place    | Note
-------+----------+-------------------------------------------
     0 | D:1      | prawnwizard the Hill Orc Monk began the quest for the Orb.
     0 | D:1      | Reached XP level 1. HP: 19/19 MP: 1/1
   405 | D:1      | Reached XP level 2. HP: 21/27 MP: 2/2
   566 | D:1      | Reached XP level 3. HP: 28/33 MP: 3/3
   964 | D:2      | Reached skill level 5 in Axes
  1250 | D:2      | Reached XP level 4. HP: 39/40 MP: 4/4
  1583 | D:3      | Became a worshipper of Beogh the Brigand
  1583 | D:3      | Reached * piety under Beogh
  1583 | D:3      | Reached ** piety under Beogh
  2416 | D:4      | HP: 2/41 [scorpion (6)]
  2418 | D:4      | Succumbed to a scorpion's poison

Skill      XL: |  1  2  3  4 |
---------------+-------------+-----
Fighting       | 4 |  4.5
Axes           | 5 |  5.6
Dodging        | 3 |  3.0
Stealth        | |  1.6

Action                   |  1- 3 |  4- 6 || total
-------------------------+-------+-------++-------
Melee: Hand axe          |   127 |    92 ||   219
Invok: Smiting           |       |     1 ||     1
       Convert to Beogh  |       |     1 ||     1
 Stab: Sleeping          |     6 |     2 ||     8
  Eat: Chunk             |     1 |     3 ||     4
Armor: Robe              |    19 |     3 ||    22
       Ring mail         |       |    18 ||    18
Dodge: Dodged            |    93 |    46 ||   139
